AoeStats
← ska_18

Nomad

509338634Analyzed
3v3 RM · 4d ago on Sep 26, 2026· 54m 27s· 6 players
Game mode
Random Map
Map size
210×210
Population
200
Speed
Normal
Resources
Standard
Victory
Conquest
Starting age
Dark Age
Ending age
Imperial Age
RankedLock teamsTeams togetherTeam positionsShared explorationLock speedFull tech treeHidden civsTurbo modeCheats
Victory
Defeat
🇷🇺 Wei · Russia
896
+16
🇬🇧 Spanish · United Kingdom
877
+16
🇦🇹 Saracens · Austria
857
+17
🇨🇳 Cumans · China
909
-17
🇰🇷 Goths · South Korea
883
-16
🇨🇳 Franks · China
867
-16
Louis Theroux
6:42 Loom
16:01 Feudal Age
20:13 Castle Age
18:07 Double-Bit Axe
18:56 Stone Mining
19:11 Fishing Lines
21:59 Gillnets
27:43 Fletching
29:41 Horse Collar
30:38 Wheelbarrow
29:48 Town Watch
35:21 Imperial Age
34:38 Bow Saw
34:32 Heavy Plow
34:49 Hand Cart
34:34 Town Patrol
37:54 Chemistry
37:15 Ballistics
38:09 Forging
37:59 Scale Mail Armor
38:05 Scale Barding Armor
39:19 Bloodlines
38:29 Light Cavalry
39:10 Husbandry
38:51 Elite Conquistador
39:51 Conscription
40:47 Iron Casting
40:28 Chain Mail Armor
42:38 Blast Furnace
41:59 Chain Barding Armor
41:30 Hussar
49:43 Elite Skirmisher
50:28 Thumb Ring
52:21 Murder Holes
Aleksjar
11:58 Loom
14:36 Feudal Age
15:01 Horse Collar
15:07 Double-Bit Axe
17:23 Gold Mining
17:27 Stone Mining
23:57 Fletching
26:10 Padded Archer Armor
29:24 Fishing Lines
32:46 Castle Age
32:06 Forging
32:06 Scale Barding Armor
36:28 Bow Saw
36:42 Heavy Plow
38:01 Gold Shaft Mining
38:02 Stone Shaft Mining
39:31 Wheelbarrow
39:14 Husbandry
39:49 Bloodlines
40:41 Hand Cart
42:07 Iron Casting
50:04 Imperial Age
47:57 Chain Barding Armor
50:29 Heavy Hei Guang Cavalry
52:11 Blast Furnace
54:03 Ming Guang Armor
54:33 Tuntian
ska_18
3:38 Loom
15:11 Feudal Age
18:32 Double-Bit Axe
21:09 Castle Age
21:24 Fishing Lines
24:13 Wheelbarrow
23:23 Town Watch
23:49 Bow Saw
23:45 Gillnets
26:01 Horse Collar
28:27 Forging
28:28 Scale Barding Armor
28:51 Bloodlines
32:15 Heavy Plow
32:07 Gold Mining
32:07 Stone Mining
33:20 Hand Cart
34:49 Murder Holes
35:35 Fervor
36:10 Sanctity
36:50 Ballistics
36:28 Fletching
37:14 Iron Casting
38:16 Husbandry
37:37 Light Cavalry
38:39 Bodkin Arrow
39:04 Chain Barding Armor
44:34 Imperial Age
43:23 Stone Mining
44:09 Gold Shaft Mining
47:20 Town Patrol
47:57 Gold Shaft Mining
48:23 Two-Man Saw
50:28 Conscription
54:35 Chemistry
53:18 Light Cavalry
jhkim91cfa
12:38 Feudal Age
11:49 Loom
14:43 Horse Collar
14:55 Double-Bit Axe
23:13 Castle Age
21:09 Gold Mining
21:09 Stone Mining
21:24 Stone Mining
24:45 Squires
27:07 Bow Saw
27:13 Forging
27:04 Scale Mail Armor
27:14 Heavy Plow
27:09 Town Watch
28:42 Anarchy
30:23 Wheelbarrow
34:13 Imperial Age
33:34 Iron Casting
33:15 Chain Mail Armor
36:07 Hand Cart
37:07 Elite Huskarl
40:24 Blast Furnace
42:02 Town Patrol
45:29 Pikeman
欧皇
5:53 Loom
6:26 Loom
9:51 Loom
15:58 Feudal Age
34:05 Castle Age
33:15 Scale Mail Armor
33:14 Stone Mining
33:15 Gold Mining
33:16 Double-Bit Axe
34:17 Horse Collar
39:02 Imperial Age
38:20 Wheelbarrow
37:37 Loom
37:38 Town Watch
39:07 Pikeman
39:52 Squires
41:27 Chemistry
40:38 Masonry
39:52 Halberdier
40:55 Forging
47:03 Hand Cart
Noob.
3:54 Loom
15:13 Feudal Age
15:41 Man-at-Arms
16:06 Arson
16:56 Arson
18:55 Forging
18:46 Scale Mail Armor
20:29 Scale Mail Armor
Connection lost

Rejoining the realm…

Still unreachable

The connection could not be restored.

Session expired

The server has moved on; the page needs a fresh start.